 Dungeon Crawl Stone Soup version 0.31-a0-692-gf03d1854d5 (webtiles) character file.

Game seed: 7717123939111704482

97 qw the Shooter (level 4, -3/28 HPs)
             Began as a Gargoyle Hunter on Sept 6, 2023.
             Slain by a gnoll
             ... wielding a +2 flail of protection
              (9 damage)
             ... on level 3 of the Dungeon.
             The game lasted 00:00:40 (1765 turns).

qw the Shooter (Gargoyle Hunter)                    Turns: 1765, Time: 00:00:40

Health: -3/28      AC:  8    Str: 15    XL:     4   Next: 68%
Magic:  4/4        EV: 11    Int:  9    God:
Gold:   112        SH:  0    Dex: 15    Spells: 3/3 levels left

rFire   . . .        Y - +0 shortbow
rCold   . . .        (shield currently unavailable)
rNeg    + . .        f - +0 ring mail
rPois   inf          (no helmet)
rElec   +            (no cloak)
rCorr   .            (no gloves)
SInv    .            (no boots)
Will    .....        (no amulet)
Stlth   +            (no ring)
HPRegen 0.24/turn    (no ring)
MPRegen 0.09/turn

%: no passive effects
@: no status effects
A: sickness immunity, AC +3, negative energy resistance 1, electricity
resistance, torment resistance 1, petrification resistance
a: no special abilities


You were on level 3 of the Dungeon.
You visited 1 branch of the dungeon, and saw 3 of its levels.

You collected 112 gold pieces.


Innate Abilities, Weirdness & Mutations

You are immune to sickness and miasma.
Your stone body is resilient. (AC +3)
You are immune to poison.
You resist negative energy. (rN+)
You are resistant to electric shocks. (rElec)
You are resistant to unholy torment.
You are immune to petrification.


   Skills:
 - Level 3.0 Fighting
 + Level 5.3 Ranged Weapons
 - Level 1.4 Armour
 - Level 1.5 Dodging
 - Level 1.1 Stealth


You had 3 spell levels left.
You didn't know any spells.
Your spell library was empty.

Inventory:

Hand Weapons
 Y - a +0 shortbow (weapon)
Armour
 f - a +0 ring mail (worn)
Scrolls
 b - a scroll of identify
Potions
 d - a potion of lignification {unknown}
 g - a potion of curing {unknown}
 i - a potion of degeneration {unknown}

Dungeon Overview and Level Annotations

Branches:
Dungeon (3/15)

Altars:


Message History

A gnoll comes into view. It is wielding a +0 spear.
1755 |||
Found retreat position at 3,-1 (floor) with 0 blocking monsters and 2 monsters attacking at destination at distance 3
1755 ||| Stepping ~*~*~tactically~*~*~ (retreating).
You shoot an arrow. The arrow hits the gnoll.
The gnoll is severely wounded.
The gnoll hits you with a +2 flail of protection!
You shoot an arrow.
The arrow hits the gnoll but does no damage.
The gnoll is severely wounded.
The gnoll hits you with a +2 flail of protection!
You shoot an arrow. The arrow barely misses the gnoll.
You hear a shout!
The gnoll closely misses you. The gnoll completely misses you.
You shoot an arrow. The arrow closely misses the gnoll.
The arrow misses the kobold.
The gnoll hits you with a +2 flail of protection.
The gnoll hits you with a +0 club!
1760 |||
Found retreat position at 2,0 (floor) with 0 blocking monsters and 2 monsters attacking at destination at distance 2
1760 ||| Stepping ~*~*~tactically~*~*~ (retreating).
Found a whip.
The gnoll attacks as it pursues you! The gnoll hits you but does no damage.
1761 |||
Found retreat position at 1,0 (floor) with 0 blocking monsters and 2 monsters attacking at destination at distance 1
1761 ||| Stepping ~*~*~tactically~*~*~ (retreating).
You shoot an arrow. The arrow hits the gnoll!
The gnoll is heavily wounded.
You shoot an arrow.
The arrow hits the gnoll but does no damage.
The gnoll is severely wounded.
The gnoll barely misses you. The gnoll misses you.
1764 |||
Found retreat position at -1,5 (floor) with 0 blocking monsters and 2 monsters attacking at destination at distance 7
Enter note:
1764 ||| Stepping ~*~*~tactically~*~*~ (retreating).
Found a falchion.
The kobold hits you but does no damage.
Enter note:
1765 |||
Found retreat position at -2,5 (floor) with 0 blocking monsters and 2 monsters attacking at destination at distance 6
1765 ||| Stepping ~*~*~tactically~*~*~ (retreating).
The gnoll attacks as it pursues you!
The gnoll hits you with a +2 flail of protection!
You die...

###.### #.. ..#.#. g#...
#.#.. ....... #...# #.
....#####...#
#.......##......
#...#+#.#..##.#+######
####..#.#...gg.gK.......
......#.....####@.......
................%.......
......#.............)...
........#######.........
.......>......+.........
..>...#########.......).
.....###### #.........
..........# #.........
....#####.#


You could see 3 gnolls and a kobold.

Vanquished Creatures
  5 gnolls
  A dart slug (D:1)
  6 bats
  6 endoplasms
  2 giant cockroaches (D:1)
  5 goblins
  4 hobgoblins
  2 jackals (D:2)
  4 ball pythons
  5 frilled lizards
  2 kobolds
  5 rats
47 creatures vanquished.

Notes
Turn   | Place    | Note
-------+----------+-------------------------------------------
     0 | D:1      | qw the Gargoyle Hunter began the quest for the Orb.
     0 | D:1      | Reached XP level 1. HP: 12/12 MP: 1/1
     0 | D:1      | 0 ||| qw: Version: 0.3-a-76-g4403597
     0 | D:1      | 0 ||| qw: Game counter: 159
     0 | D:1      | 0 ||| qw: Melee chars always use a shield: true
     0 | D:1      | 0 ||| qw: God list: Okawaru
     0 | D:1      | 0 ||| qw: Allow faded altars: false
     0 | D:1      | 0 ||| qw: Do Orc after clearing Dungeon:15 true
     0 | D:1      | 0 ||| qw: Do second Lair branch before Depths: true
     0 | D:1      | 0 ||| qw: Lair rune preference: random
     0 | D:1      | 0 ||| qw: Goals: Normal
     0 | D:1      | 0 ||| PLANNING D:1-11
   132 | D:1      | Reached XP level 2. HP: 17/17 MP: 2/2
   410 | D:1      | HP: 2/17 [gnoll/+0 whip (6)]
   413 | D:1      | Reached skill level 5 in Ranged Weapons
   413 | D:1      | Reached XP level 3. HP: 4/21 MP: 3/3
   776 | D:1      | 776 ||| UPGRADING to +0 ring mail.
   786 | D:1      | 786 ||| DROPPING +0 leather armour.
   787 | D:1      | 787 ||| READING scroll labelled ADETOE PESAAX.
   788 | D:1      | 788 ||| READING scroll labelled DOXTA SEUMYU.
   789 | D:1      | 789 ||| READING scroll labelled FAOCUMNIAS.
   793 | D:1      | 793 ||| DROPPING scroll of butterflies.
  1003 | D:2      | Reached skill level 1 in Armour
  1008 | D:2      | Reached XP level 4. HP: 25/27 MP: 4/4
  1012 | D:2      | Reached skill level 3 in Fighting
  1639 | D:2      | 1639 ||| READING scroll labelled ADAIZ XODAKE.
  1640 | D:2      | 1640 ||| READING scroll labelled SUFAYVAC HEVVE.
  1641 | D:2      | 1641 ||| READING scroll labelled PAMAMASIHE.
  1755 | D:3      | 1755 ||| Stepping ~*~*~tactically~*~*~ (retreating).
  1759 | D:3      | HP: 5/28 [gnoll/+0 club (7)]
  1760 | D:3      | 1760 ||| Stepping ~*~*~tactically~*~*~ (retreating).
  1761 | D:3      | 1761 ||| Stepping ~*~*~tactically~*~*~ (retreating).
  1764 | D:3      | 1764 ||| Stepping ~*~*~tactically~*~*~ (retreating).
  1765 | D:3      | 1765 ||| Stepping ~*~*~tactically~*~*~ (retreating).
  1765 | D:3      | Slain by a gnoll

Levels and vault maps discovered:
D:1:      ebering_trefoil_twist, layout_basic, minmay_bisected
D:2:      wad_crossroads, layout_basic
D:3:      layout_basic, mainiacjoe_overflow_chevrons, okawaru_gym_becter

Skill      XL: |  1  2  3  4 |
---------------+-------------+-----
Ranged Weapons | 5 |  5.3
Armour         | 1 |  1.4
Fighting       | 3 |  3.0
Dodging        | |  1.5
Stealth        | |  1.1

Action                     |  1- 3 |  4- 6 || total
---------------------------+-------+-------++-------
   Fire: Shortbow          |    99 |    64 ||   163
    Use: Scroll            |     3 |     3 ||     6
 Armour: Leather armour    |    17 |       ||    17
         Ring mail         |     3 |    18 ||    21
  Dodge: Dodged            |    19 |    28 ||    47

Table legend:
 A = Non-vault XP
 B = Vault XP
 C = Vault XP percentage of total XP
 D = Non-vault monster count
 E = Vault monster count
 F = Vault count percentage of total count
                 A         B        C        D         E       F
            +---------+---------+-------+---------+---------+-------
      Total |     114 |      25 |  18.0 |      40 |       7 |  14.9
            +---------+---------+-------+---------+---------+-------
        D:1 |      32 |      17 |  34.7 |      18 |       3 |  14.3
        D:2 |      77 |       8 |   9.4 |      19 |       4 |  17.4
        D:3 |       5 |       0 |   0.0 |       3 |       0 |   0.0
            +---------+---------+-------+---------+---------+-------
